 Dungeon Crawl Stone Soup version 0.22-a0-617-g6d95e9e505 (webtiles) character file.

60 Kholdaimon the Charmwright (level 4, 0/38 HPs)
             Began as a Gnoll Skald on July 12, 2018.
             Slain by a goblin
             ... wielding a +0 dagger
             ... led by Robin
              (2 damage)
             ... on level 2 of the Dungeon.
             The game lasted 00:07:10 (1470 turns).

Kholdaimon the Charmwright (Gnoll Skald)            Turns: 1470, Time: 00:07:10

Health: 0/38       AC:  3    Str: 14    XL:     4   Next: 6%
Magic:  4/11       EV: 14    Int: 16    God:
Gold:   46         SH:  0    Dex: 14    Spells: 2/13 levels left

rFire    . . .     SeeInvis .   a - +0 hand axe
rCold    . . .     Gourm    .   (no shield)
rNeg     . . .     Faith    .   b - +0 leather armour
rPois    .         Spirit   .   (no helmet)
rElec    .         Reflect  .   (no cloak)
rCorr    .         Harm     .   (no gloves)
MR       .....                  (no boots)
Stlth    +.........             (no amulet)
HPRegen  0.12/turn              (no ring)
MPRegen  0.12/turn              (no ring)

@: no status effects
A: distributed training, fangs 1, strong nose
a: no special abilities


You were on level 2 of the Dungeon.
You were not hungry.

You visited 1 branch of the dungeon, and saw 2 of its levels.

You collected 46 gold pieces.

Inventory:

Hand Weapons
 a - a +0 hand axe (weapon)
 q - a +0 trident
Missiles
 c - 40 stones (quivered)
 p - 18 sling bullets
Armour
 b - a +0 leather armour (worn)
 r - a +0 ring mail
Scrolls
 e - 4 scrolls of amnesia {unknown}
 g - 4 scrolls of identify
 i - a scroll of magic mapping {unknown}
 j - 2 scrolls of enchant armour {unknown}
 k - a scroll of noise {unknown}
 l - a scroll of teleportation {unknown}
 m - a scroll of fear {unknown}
Potions
 f - 2 potions of degeneration
 h - a potion of flight {unknown}
 n - a potion of mutation {unknown}
Comestibles
 d - 5 rations
 o - 17 chunks of flesh


   Skills:
 + Level 4.6 Fighting
 + Level 1.0 Short Blades
 + Level 1.0 Long Blades
 + Level 4.6 Axes
 + Level 1.0 Maces & Flails
 + Level 1.0 Polearms
 + Level 1.0 Staves
 + Level 1.0 Slings
 + Level 1.0 Bows
 + Level 1.0 Crossbows
 + Level 1.0 Throwing
 + Level 2.7 Armour
 + Level 4.6 Dodging
 + Level 1.0 Stealth
 + Level 1.0 Shields
 + Level 1.0 Unarmed Combat
 + Level 5.0 Spellcasting
 + Level 0.7 Conjurations
 + Level 0.7 Hexes
 + Level 5.4 Charms
 + Level 0.7 Summonings
 + Level 0.7 Necromancy
 + Level 0.7 Translocations
 + Level 0.7 Transmutations
 + Level 0.7 Fire Magic
 + Level 0.7 Ice Magic
 + Level 0.7 Air Magic
 + Level 0.7 Earth Magic
 + Level 0.7 Poison Magic
 + Level 1.1 Invocations
 + Level 1.0 Evocations


You had 2 spell levels left.
You knew the following spells:

 Your Spells              Type           Power        Failure   Level  Hunger
a - Infusion              Chrm           ###.         1%          1    None
b - Song of Slaying       Chrm           ###.....     3%          2    #......
c - Shroud of Golubria    Chrm/Tloc      ##........   8%          2    #......
d - Regeneration          Chrm/Necr      ##........   16%         3    ###....
e - Spectral Weapon       Hex/Chrm       ##......     16%         3    ###....

Your spell library contained the following spells:

 Spells                   Type           Power        Failure   Level  Hunger


Dungeon Overview and Level Annotations

Branches:
Dungeon (2/15)

Altars:

Annotations:
D:2 Robin


Innate Abilities, Weirdness & Mutations

Your experience applies equally to all skills.
You have very sharp teeth.
Your uncanny sense of smell can sniff out nearby items.


Message History

The goblin is heavily wounded.
You barely miss the goblin. x2
You hear a shout!
The goblin hits you.
* * * LOW HITPOINT WARNING * * *
The goblin hits you with a dagger.
* * * LOW HITPOINT WARNING * * *
Okay, then.
As you read the scroll labeled OCIFFE PASA, it crumbles to dust.
It is a scroll of identify.
f - 2 potions of degeneration The goblin misses you. x2; The goblin completely misses you.
The goblin hits you with a dagger.
* * * LOW HITPOINT WARNING * * *
You hit the goblin but do no damage.
The goblin is moderately wounded.
You hit the goblin but do no damage. You miss the goblin.
You closely miss the goblin. The goblin misses you.
The goblin hits you but does no damage. The goblin hits you with a dagger.
You die...

.8.. #..# #.# #o..# #..# #.# ...#
..# #.# .g.##.# #.# # #g.#.## #.#
#$##########g#..# #.#
.............g.# #.#
#...####.#.#g### # #.# #.#
#.#..g@g### .### #.# ##.#
#######g))##...# #.# . ##..##
##≈≈≈≈###)).# #.#
#.#.#..###≈≈≈≈≈≈###.#.#.# #.#
###............≈≈....#.#.# #.#
.#..............≈≈...#.#.###.#
#.###.#.....≈≈....≈..........###
#.#####....≈..≈≈..≈.....<......#
#..........≈....≈≈...........#.##


You could see Robin, a hobgoblin and 6 goblins.

Vanquished Creatures
  2 adders (D:2)
  A worm (D:2)
  A leopard gecko (D:2)
  3 orcs (D:2)
  A giant cockroach (D:1)
  8 goblins
  3 hobgoblins
  2 jackals (D:2)
  5 bats
  3 frilled lizards
  5 kobolds
  A rat (D:1)
35 creatures vanquished.

Vanquished Creatures (others)
  An adder (D:2)
  A bat (D:2)
2 creatures vanquished.

Grand Total: 37 creatures vanquished

Notes
Turn   | Place    | Note
-------+----------+-------------------------------------------
     0 | D:1      | Kholdaimon the Gnoll Skald began the quest for the Orb.
     0 | D:1      | Reached XP level 1. HP: 20/20 MP: 6/6
   197 | D:1      | Reached XP level 2. HP: 26/26 MP: 7/7
   214 | D:1      | Learned a level 2 spell: Song of Slaying
   217 | D:1      | Learned a level 2 spell: Shroud of Golubria
   911 | D:2      | Reached XP level 3. HP: 29/31 MP: 5/9
   916 | D:2      | Learned a level 3 spell: Regeneration
   920 | D:2      | Learned a level 3 spell: Spectral Weapon
   935 | D:2      | Reached skill level 5 in Spellcasting
  1090 | D:2      | Reached skill level 1 in Invocations
  1431 | D:2      | Reached skill level 1 in Short Blades
  1431 | D:2      | Reached skill level 1 in Long Blades
  1431 | D:2      | Reached skill level 1 in Maces & Flails
  1431 | D:2      | Reached skill level 1 in Polearms
  1431 | D:2      | Reached skill level 1 in Staves
  1431 | D:2      | Reached skill level 1 in Slings
  1431 | D:2      | Reached skill level 1 in Bows
  1431 | D:2      | Reached skill level 1 in Crossbows
  1431 | D:2      | Reached skill level 1 in Throwing
  1431 | D:2      | Reached skill level 1 in Stealth
  1431 | D:2      | Reached skill level 1 in Shields
  1431 | D:2      | Reached skill level 1 in Unarmed Combat
  1431 | D:2      | Reached skill level 1 in Evocations
  1436 | D:2      | Reached XP level 4. HP: 25/38 MP: 0/11
  1459 | D:2      | Noticed Robin
  1470 | D:2      | Slain by a goblin

Vault maps used:
D:1:      minmay_arrival_doors, lemuel_old_faithful
D:2:      cheibrodos_helix_gallery, grunt_qazlal_clouds, first_ration,
          dk_vineyard_3, guppyfry_early_orc_mine, uniq_crazy_yiuf_cottage,
          uniq_robin

Skill      XL: |  1  2  3 |
---------------+----------+-----
Spellcasting   | 5 |  5.0
Invocations    | 1 |  1.1
Short Blades   | 1 |  1.0
Long Blades    | 1 |  1.0
Maces & Flails | 1 |  1.0
Polearms       | 1 |  1.0
Staves         | 1 |  1.0
Slings         | 1 |  1.0
Bows           | 1 |  1.0
Crossbows      | 1 |  1.0
Throwing       | 1 |  1.0
Stealth        | 1 |  1.0
Shields        | 1 |  1.0
Unarmed Combat | 1 |  1.0
Evocations     | 1 |  1.0
Fighting       | |  4.6
Axes           | |  4.6
Armour         | |  2.7
Dodging        | |  4.6
Conjurations   | |  0.7
Hexes          | |  0.7
Charms         | |  5.4
Summonings     | |  0.7
Necromancy     | |  0.7
Translocations | |  0.7
Transmutations | |  0.7
Fire Magic     | |  0.7
Ice Magic      | |  0.7
Air Magic      | |  0.7
Earth Magic    | |  0.7
Poison Magic   | |  0.7

Action                   |  1- 3 |  4- 6 || total
-------------------------+-------+-------++-------
Melee: Hand axe          |   115 |    10 ||   125
       Bite              |    11 |     1 ||    12
Throw: Stone             |     8 |       ||     8
 Cast: Infusion          |     3 |       ||     3
       Song of Slaying   |     2 |       ||     2
       Regeneration      |     2 |       ||     2
  Use: Scroll            |       |     1 ||     1
  Eat: Chunk             |     2 |       ||     2
Armor: Leather armour    |    18 |     3 ||    21
Dodge: Dodged            |    90 |     7 ||    97

Table legend:
 A = Spawn XP
 B = Non-spawn XP
 C = Spawn XP percentage of total XP
 D = Spawn monster count
 E = Non-spawn monster count
 F = Spawn count percentage of total count
 G = Total turns spent on level
                    A         B        C        D         E        F      G
               +---------+---------+-------+---------+---------+-------+---------
         Total |       0 |      87 |   0.0 |       0 |      35 |   0.0 |  1470
               +---------+---------+-------+---------+---------+-------+---------
           D:1 |       0 |      20 |   0.0 |       0 |      13 |   0.0 |   856
           D:2 |       0 |      67 |   0.0 |       0 |      22 |   0.0 |   614
               +---------+---------+-------+---------+---------+-------+---------
